 Dungeon Crawl Stone Soup version 0.19.4-8-ga85b6b9 (webtiles) character file.

1067 Kosschaser the Chopper (level 8, -4/69 HPs)
             Began as a Green Draconian Berserker on Feb 14, 2017.
             Was a Priest of Trog.
             Slain by a killer bee (5 damage)
             ... on level 5 of the Dungeon.
             The game lasted 00:20:20 (4694 turns).

Kosschaser the Chopper (Green Draconian Berserker)  Turns: 4694, Time: 00:20:21

Health: -4/69      AC:  7    Str: 21    XL:     8   Next: 7%
Magic:  8/8        EV: 14    Int:  8    God:    Trog [***...]
Gold:   238        SH:  0    Dex: 11    Spells: 0 memorised, 7 levels left

rFire  . . .     SeeInvis .     a - +0 hand axe
rCold  . . .     Gourm    .     (armour unavailable)
rNeg   . . .     Faith    .     (no shield)
rPois  +         Spirit   .     (helmet restricted)
rElec  .         Reflect  .     i - +0 cloak
rCorr  .         Harm     .     (no gloves)
MR     .....                    (no boots)
Stlth  ++........               (no amulet)
                                (no ring)
                                (no ring)

@: lethally poisoned (-4 -> -5), very slightly contaminated, starving, invisible
A: breathe noxious fumes, unfitting armour, poison resistance, cold-blooded, AC
+6
a: Breathe Noxious Fumes, Berserk, Trog's Hand, Burn Spellbooks, Renounce
Religion


You were on level 5 of the Dungeon.
You worshipped Trog.
Trog was most pleased with you.
You were starving.

You visited 1 branch of the dungeon, and saw 5 of its levels.

You collected 238 gold pieces.

Inventory:

Hand Weapons
 a - a +0 hand axe (weapon)
Missiles
 o - 6 silver tomahawks
 q - 79 stones (quivered)
 t - a throwing net
Armour
 i - a +0 cloak (worn)
Scrolls
 d - a scroll of immolation {unknown}
 e - 2 scrolls of remove curse {unknown}
 f - 2 scrolls of fog
 h - 4 scrolls of identify
 k - 2 scrolls of teleportation {unknown}
 n - 2 scrolls of fear {unknown}
 r - a scroll of blinking {unknown}
 w - a scroll of magic mapping {unknown}
Potions
 g - a potion of might {unknown}
 j - a potion of ambrosia {unknown}
 p - a potion of brilliance {unknown}
 s - a potion of degeneration {unknown}
 u - a potion of haste {unknown}
Comestibles
 b - 2 bread rations
 m - 3 meat rations
 v - a beef jerky


   Skills:
 + Level 5.4 Fighting
 + Level 6.9 Axes
 + Level 1.5 Throwing
 + Level 5.0 Dodging
 + Level 2.6 Stealth


You had 7 spell levels left.
You didn't know any spells.

Dungeon Overview and Level Annotations

Branches:
Dungeon (5/15)             Temple (0/1) D:5

Altars:
Ashenzari
Fedhas
Kikubaaqudgha
Qazlal
Sif Muna


Innate Abilities, Weirdness & Mutations

You can breathe blasts of noxious fumes.
Your lurid green scales are hard. (AC +6)
You cannot fit into any form of body armour.
Your system is resistant to poisons. (rPois)
You are cold-blooded and may be slowed by cold attacks.


Message History

The killer bee stings you.
* * * LOW HITPOINT WARNING * * *
It was a potion of invisibility.
You fade into invisibility!
You feel less exhausted.
* * * LOW HITPOINT WARNING * * *
You feel sick. The killer bee closely misses you.
The killer bee barely misses you.
You are very lightly contaminated with residual magic.
Okay, then.
You start eating one of the 2 bread rations.
The killer bee stings you but does no damage.
Keep eating?
The killer bee closely misses you.
You continue eating.
The killer bee closely misses you.
The killer bee stings you but does no damage.
You continue eating.
* * * LOW HITPOINT WARNING * * *
You feel sick. The killer bee misses you. The killer bee stings you.
You die...

#.(...###.....
#..>[...# #
#.......#
#.##(.##.g#
.(... #gy#
####.####.#
#......#
######g#######.#
#gy@†.....#
#####.##### #<#
#.# #.# #.# #.#
##.## #######
##...#####.....#


You could see a killer bee and 2 gnolls.

Vanquished Creatures
  The ghost of Xiguana the Skirmisher, an amateur DrCK of Xom (D:3)
  A centaur (D:4)
  A bullfrog (D:5)
  5 killer bees (D:5)
  A hound (D:4)
  4 orc priests
  2 iguanas (D:4)
  Ijyb (D:2)
  4 orc wizards
  3 worker ants
  A gnoll (D:5)
  8 adders
  2 oozes
  An adder skeleton (D:4)
  A worm (D:4)
  6 dart slugs
  3 leopard geckos
  13 orcs
  A ball python (D:3)
  8 bats
  3 giant cockroaches
  8 goblins
  9 hobgoblins
  2 jackals (D:1)
  7 kobolds
  2 frilled lizards
  A quokka skeleton (D:5)
  5 rats
104 creatures vanquished.

Notes
Turn   | Place    | Note
-------+----------+-------------------------------------------
     0 | D:1      | Kosschaser the Draconian Berserker began the quest for the Orb.
     0 | D:1      | Reached XP level 1. HP: 19/19 MP: 1/1
    33 | D:1      | Reached XP level 2. HP: 20/26 MP: 2/2
   617 | D:1      | Reached XP level 3. HP: 30/33 MP: 3/3
   835 | D:2      | Reached ** piety under Trog
   972 | D:2      | Noticed Ijyb
   983 | D:2      | Killed Ijyb
   983 | D:2      | Reached XP level 4. HP: 40/40 MP: 4/4
  1097 | D:2      | Reached skill level 4 in Axes
  1143 | D:2      | Found a deep blue altar of Sif Muna.
  1479 | D:3      | Noticed Xiguana's ghost (amateur DrCK)
  1576 | D:4      | Reached XP level 5. HP: 26/47 MP: 5/5
  1780 | D:4      | Noticed a centaur
  1793 | D:4      | HP: 1/70 [centaur (6)]
  1794 | D:4      | Killed a centaur
  1893 | D:4      | Reached skill level 5 in Axes
  2225 | D:4      | Reached XP level 6. HP: 27/53 MP: 6/6
  2517 | D:4      | Reached skill level 1 in Stealth
  2732 | D:4      | Found a stormy altar of Qazlal.
  2763 | D:4      | Found a blossoming altar of Fedhas.
  2856 | D:4      | Reached skill level 5 in Fighting
  3228 | D:3      | Your scales start taking on a lurid green colour.
  3228 | D:3      | Reached XP level 7. HP: 45/61 MP: 7/7
  3228 | D:3      | Gained mutation: Your system is resistant to poisons. (rPois) [Green Draconian growth]
  3236 | D:3      | Reached *** piety under Trog
  3380 | D:3      | Killed Xiguana's ghost
  3380 | D:3      | Reached skill level 6 in Axes
  4262 | D:4      | Reached skill level 1 in Throwing
  4333 | D:5      | Entered Level 5 of the Dungeon
  4346 | D:5      | Found a shattered altar of Ashenzari.
  4363 | D:5      | Found a staircase to the Ecumenical Temple.
  4559 | D:5      | Found an ancient bone altar of Kikubaaqudgha.
  4647 | D:5      | Reached XP level 8. HP: 38/69 MP: 8/8
  4649 | D:5      | Reached skill level 5 in Dodging
  4690 | D:5      | HP: 3/69 [killer bee (6)]
  4694 | D:5      | HP: 1/69 [poisoned by a killer bee]
  4694 | D:5      | Slain by a killer bee

Skill      XL: |  1  2  3  4  5  6  7  8 |
---------------+-------------------------+-----
Dodging        | 3 4 5 |  5.0
Fighting       | 4 5 |  5.4
Axes           | 4 5 6 |  6.9
Stealth        | 1 2 |  2.6
Throwing       | 1 |  1.5

Action                   |  1- 3 |  4- 6 |  7- 9 || total
-------------------------+-------+-------+-------++-------
Melee: Hand axe          |    97 |   184 |   127 ||   408
       Tailslap          |    13 |    32 |    19 ||    64
Throw: Stone             |       |     8 |    18 ||    26
       Tomahawk          |       |     7 |     4 ||    11
Invok: Berserk           |     1 |     4 |     1 ||     6
       Trog's Hand       |       |     3 |     1 ||     4
 Abil: Breathe Noxious F |       |       |     4 ||     4
  Use: Scroll            |       |       |     1 ||     1
       Potion            |       |       |     1 ||     1
 Stab: Sleeping          |       |     1 |     1 ||     2
       Confused          |       |       |     3 ||     3
       Distracted        |       |       |     1 ||     1
  Eat: Chunk             |       |    13 |     3 ||    16
       Royal jelly       |       |       |     1 ||     1
Armor: Skin              |    34 |    65 |    34 ||   133
Dodge: Dodged            |    87 |   142 |    72 ||   301
